 Dungeon Crawl Stone Soup version 0.24-a0-274-gb3763e6 (webtiles) character file.

Game seed: 9757042566084754312

351757 MisterFreud the Hoplite (level 22, -48/187 HPs)
             Began as an Octopode Fighter on Apr 25, 2019.
             Was the Champion of Cheibriados.
             Engulfed by a blizzard demon's freezing vapour (74 damage)
             ... summoned by a deep elf demonologist
             ... on level 3 of the Elven Halls on Apr 26, 2019.
             The game lasted 02:43:04 (41735 turns).

MisterFreud the Hoplite (Octopode Fighter)         Turns: 41735, Time: 02:43:05

Health: -48/187    AC: 40    Str: 35    XL:     22   Next: 24%
Magic:  29/46      EV: 29    Int: 41    God:    Cheibriados [******]
Gold:   2773       SH: 34    Dex: 34    Spells: 31/41 levels left

rFire    . . .     SeeInvis +   Y - +0 scimitar (elec)
rCold    . . .     Gourm    .   h - +4 large shield {AC+3}
rNeg     + + .     Faith    .   V - +3 hat of Pondering {ponderous, MR+ MP+10 Int+5}
rPois    ∞         Spirit   .   (no amulet)
rElec    +         Reflect  .   p - ring of see invisible
rCorr    .         Harm     .   W - +2 ring of slaying
MR       +++..                  L - +4 ring of protection
Stlth    +++++.....             J - ring of Epluaq {rElec Int+3 Dex+6 Slay+3 Stlth+}
HPRegen  0.41/turn              G - ring of wizardry
MPRegen  0.30/turn              H - +3 ring of slaying
                                g - ring "Opnoep" {rN+ MR+ Str+4}
                                T - +4 ring of evasion

@: about to teleport, statue-form, very slow
A: almost no armour, stealthy swim, amphibious, 8 rings, constrict 8, camouflage
1
}: 2/15 runes: serpentine, barnacled
a: End Transformation, Bend Time, Temporal Distortion, Slouch, Step From Time,
Renounce Religion


You were on level 3 of the Elven Halls.
You worshipped Cheibriados.
Cheibriados was exalted by your worship.
You were hungry.
You were a stone statue.
You visited 8 branches of the dungeon, and saw 39 of its levels.
You visited 1 bazaar.
You also visited: Trove.

You collected 4120 gold pieces.
You spent 1347 gold pieces at shops.

Inventory:

Hand Weapons
 o - the +3 long sword "Jellybane" {slice, rF++}
   (You found it in a treasure trove)

   It inflicts extra damage upon your enemies.
   It greatly protects you from fire.
 Y - a +0 scimitar of electrocution (weapon)
Missiles
 m - 1083 arrows
 v - 5 throwing nets (quivered)
Armour
 h - a +4 large shield of protection (worn)
 V - the +3 hat of Pondering (worn) {ponderous, MR+ MP+10 Int+5}
   (You took it off Gastronok on level 1 of the Orcish Mines)

   It affects your intelligence (+5).
   It affects your resistance to hostile enchantments.
   It affects your magic capacity (+10).
Jewellery
 g - the ring "Opnoep" (on tentacle) {rN+ MR+ Str+4}
   (You found it in a treasure trove)

   [ring of protection from magic]

   It affects your strength (+4).
   It protects you from negative energy.
   It affects your resistance to hostile enchantments.
 p - a ring of see invisible (left tentacle)
 E - an uncursed ring of protection from cold
 G - a ring of wizardry (on tentacle)
 H - a +3 ring of slaying (on tentacle)
 J - the ring of Epluaq (on tentacle) {rElec Int+3 Dex+6 Slay+3 Stlth+}
   (You acquired it on level 2 of the Lair of Beasts)

   [ring of dexterity]

   It affects your intelligence (+3).
   It affects your dexterity (+6).
   It affects your accuracy and damage with ranged weapons and melee attacks
   (+3).
   It insulates you from electricity.
   It makes you more stealthy.
 L - a +4 ring of protection (on tentacle)
 T - a +4 ring of evasion (on tentacle)
 W - a +2 ring of slaying (right tentacle)
Wands
 b - a wand of paralysis (13)
 i - a wand of polymorph (20)
 q - a wand of scattershot (2)
 F - a wand of disintegration (54)
 K - a wand of acid (16)
 N - a wand of flame (47)
 P - a wand of digging (4)
 U - a wand of enslavement (9)
 X - a wand of iceblast (18)
Scrolls
 a - 2 scrolls of magic mapping
 f - 4 scrolls of summoning
 k - 6 scrolls of teleportation
 s - 6 scrolls of enchant weapon
 u - 2 scrolls of blinking
 w - 5 scrolls of fog
 x - 6 scrolls of remove curse
 y - a scroll of torment
 z - 19 scrolls of identify
 B - 8 scrolls of fear
 C - a scroll of silence
 R - 3 scrolls of amnesia
Potions
 c - 6 potions of brilliance
 e - 13 potions of curing
 l - 7 potions of heal wounds
 n - 5 potions of invisibility
 r - 2 potions of magic
 t - a potion of might
 I - 2 potions of cancellation
 M - 11 potions of mutation
 Q - 6 potions of agility
 S - 4 potions of ambrosia
 Z - 2 potions of resistance
Miscellaneous
 j - a fan of gales
 D - a sack of spiders
 O - 2 phantom mirrors
Comestibles
 d - 59 rations


   Skills:
 + Level 10.9 Fighting
 - Level 14.0 Long Blades
 - Level 10.0 Dodging
 - Level 25.0 Shields
 - Level 10.0 Spellcasting
 - Level 6.0 Translocations
 - Level 12.0 Transmutations
 - Level 12.0 Earth Magic
 - Level 8.0 Invocations
 - Level 6.0 Evocations


You had 31 spell levels left.
You knew the following spells:

 Your Spells              Type           Power        Failure   Level  Hunger
a - Lesser Beckoning      Tloc           ######....   1%          3    None
b - Apportation           Tloc           ######       1%          1    None
c - Statue Form           Tmut/Erth      #######..    1%          6    ####...

Your spell library contained the following spells:

 Spells                   Type           Power        Failure   Level  Hunger
 Beastly Appendage        Tmut           ######       0%          1    None
 Sticks to Snakes         Tmut           #######.     0%          2    None
 Animate Skeleton         Necr           N/A          1%          1    None
 Corona                   Hex            ###....      1%          1    None
 Flame Tongue             Conj/Fire      ###..        1%          1    None
 Pain                     Necr           ###.         1%          1    None
 Summon Butterflies       Summ           ###.....     1%          1    None
 Ensorcelled Hibernation  Hex/Ice        ###...       1%          2    None
 Slow                     Hex            ###.....     1%          2    None
 Throw Flame              Conj/Fire      ###...       1%          2    None
 Confuse                  Hex            ###.....     1%          3    None
 Conjure Flame            Conj/Fire      ###.....     1%          3    None
 Dazzling Spray           Conj/Hex       ###...       1%          3    None
 Inner Flame              Hex/Fire       ###.....     1%          3    None
 Portal Projectile        Hex/Tloc       #####.       1%          3    None
 Recall                   Summ/Tloc      N/A          1%          3    None
 Regeneration             Chrm/Necr      ###.......   1%          3    None
 Spider Form              Tmut/Pois      ######....   1%          3    None
 Tukima's Dance           Hex            ###.....     1%          3    None
 Vampiric Draining        Necr           ###.......   1%          3    None
 Ice Form                 Ice/Tmut       ######..     1%          4    None
 Leda's Liquefaction      Hex/Erth       ######....   1%          4    None
 Alistair's Intoxication  Tmut/Pois      ######..     1%          5    None
 Blade Hands              Tmut           #######...   1%          5    None
 Borgnjor's Vile Clutch   Necr/Erth      ######....   1%          5    None
 Bolt of Magma            Conj/Fire/Erth ######....   3%          5    None
 Dragon Form              Tmut           #######...   4%          7    #####..
 Animate Dead             Necr           N/A          6%          4    None
 Cause Fear               Hex            ###.......   6%          4    None
 Sticky Flame             Conj/Fire      ###.....     6%          4    None
 Iron Shot                Conj/Erth      ######....   9%          6    ####...
 Fireball                 Conj/Fire      ###.......   17%         5    None
 Metabolic Englaciation   Hex/Ice        ###.......   17%         5    None
 Bolt of Cold             Conj/Ice       ###.......   65%         6    ####...
 Bolt of Fire             Conj/Fire      ###.......   65%         6    ####...
 Death Channel            Necr           ###.......   65%         6    ####...
 Freezing Cloud           Conj/Ice/Air   ###.......   65%         6    ####...
 Invisibility             Hex            ###.....     65%         6    ####...
 Ozocubu's Refrigeration  Ice            ###.......   65%         6    ####...
 Simulacrum               Ice/Necr       ###.......   65%         6    ####...
 Shatter                  Erth           #######...   99%         9    #######
 Dragon's Call            Summ           ###.......   100%        9    #######


Dungeon Overview and Level Annotations

Branches:
Dungeon (15/15)            Temple (1/1) D:4            Lair (6/6) D:8
 Shoals (4/4) Lair:3        Snake (4/4) Lair:4        Slime (0/5) Lair:6
    Orc (2/2) D:12            Elf (3/3) Orc:2        Vaults (4/5) D:13
  Crypt (0/3) Vaults:2     Depths (0/5) D:15

Altars:
Ashenzari
Cheibriados
Dithmenos
Elyvilon
Fedhas
Gozag
Hepliaklqana
Kikubaaqudgha
Makhleb
Nemelex Xobeh
Okawaru
Qazlal
Ru
Sif Muna
Trog
Uskayaw
Vehumet
Wu Jian
Xom
Yredelemnul
Zin
The Shining One
Beogh

Shops:
D:4 (   D:13 [   Orc:2 =[(*   Elf:1 !   Elf:2 (   Snake:2 ?   Vaults:1 }
Vaults:3 [

Annotations:
D:11 3 runed translucent doors, Sassenached's ghost, novice DsAK
Elf:3 1 runed translucent door, kal9871's ghost, adept OgBe


Innate Abilities, Weirdness & Mutations

You cannot wear most types of armour.
You are very stealthy in the water. (Stealth+)
You are amphibious.
You can wear up to eight rings at the same time.
You can use your tentacles to constrict eight enemies at once.
Your skin changes colour to match your surroundings (Stealth+).
((Your rubbery body absorbs attacks. (AC +1, EV +1)))


Message History

The deep elf demonologist is empowered by the deep elf high priest's aura!
You hear a shout!
Unknown command.
You hit the deep elf blademaster.
You kill the deep elf blademaster!
Cheibriados thoroughly appreciates the change of pace.
The blizzard demon gestures at you. The freezing blast engulfs you!
The ynoxinul gestures.
As you read the scroll of teleportation, it crumbles to dust.
You feel strangely unstable.
You are engulfed in freezing vapours.
The deep elf annihilator seems less brilliant.
The deep elf demonologist seems less brilliant.
The hellion gestures at you.
The sphere of damnation explodes!
The damnation engulfs you!!
* * * LOW HITPOINT WARNING * * *
A deep elf annihilator comes into view. It is wielding a +0 long sword.
You hear a shout! x2
You are engulfed in freezing vapours.
You die...

........# ##.## #.#
........# ##.###.#
...(....# ##.##'####
........# ##'.....##
........#########.......#
........'......)'.......#
........#########.......#
........°○°°.# #.......#
#######.8°○..# #.......#
#.○2°2.# ##.....##
#.#....# ####### #####e##


eee ee.e 5... #.## # You could see 3 deep elf annihilators, a blizzard demon, a
deep elf demonologist, 2 deep elf high priests and a hellion.

Vanquished Creatures
  Sojobo (Vaults:4)
  Bai Suzhen (Vaults:2)
  Vashnia (Snake:4)
  Nikola (Shoals:1)
  A lich (Vaults:4)
  2 deep elf blademasters (Elf:3)
  3 krakens
  A deep elf master archer (Elf:3)
  Agnes (D:14)
  Gastronok (Orc:1)
  Polyphemus (Shoals:4)
  Ilsuiw (Shoals:4)
  16 nagarajas
  3 tengu reavers
  6 vault wardens
  A frost giant (Shoals:4)
  2 deep elf sorcerers
  An orc warlord (Orc:2)
  2 deep elf elementalists (Elf:3)
  6 ironheart preservers
  2 very ugly things (Vaults:4)
  5 stone giants
  2 entropy weavers (Vaults:1)
  4 deep elf annihilators
  2 ettins (Vaults:4)
  A crystal guardian (Vaults:2)
  3 deep elf death magi (Elf:3)
  2 fire dragons
  8 merfolk javelineers (Shoals:4)
  Josephine (Lair:6)
  9 merfolk impalers
  Fannar (Orc:1)
  6 great orbs of eyes
  A jiangshi (Vaults:2)
  3 deep elf high priests
  19 vault guards
  3 rakshasas
  8 yaktaur captains
  3 hydras (Lair:6)
  2 ice dragons
  20 naga warriors
  7 centaur warriors
  2 merfolk avatars
  3 merfolk aquamancers (Shoals:4)
  2 catoblepae
  21 dancing weapons
  8 anacondas
  A satyr (Shoals:2)
  25 two-headed ogres
  8 death yaks
  7 ogre magi
  An orc high priest (Orc:2)
  20 naga sharpshooters
  Sonja (Lair:6)
  5 shock serpents
  17 deep elf knights
  Nergalle (Orc:2)
  13 skeletal warriors
  A deep troll (Vaults:4)
  2 shadow wraiths (Vaults:1)
  4 unseen horrors
  9 naga ritualists
  13 ironbrand convokers
  A lindwurm (Lair:4)
  12 sea snakes
  9 deep elf archers
  A glowing orange brain (Vaults:2)
  2 flayed ghosts
  A harpy (shapeshifter) (D:13)
  8 harpies
  2 necromancers
  4 wizards
  14 orc knights
  2 phantasmal warriors (Vaults:1)
  4 fauns
  55 deep elf magi
  A wolf spider (Vaults:4)
  4 mana vipers
  An orb spider (shapeshifter) (Vaults:2)
  23 ugly things
  4 orc sorcerers
  6 cyclopes
  20 manticores
  A salamander (shapeshifter) (Vaults:4)
  5 salamanders
  4 water nymphs
  4 merfolk sirens
  14 naga magi
  12 vault sentinels
  2 centaur zombies
  35 black mambas
  Psyche (D:11)
  23 spiny frogs
  An orc zombie (Vaults:1)
  5 guardian serpents
  Joseph (D:9)
  8 centaur skeletons
  3 rime drakes
  2 gargoyles
  2 kobold demonologists (D:13)
  7 komodo dragons
  4 freezing wraiths
  20 yaktaurs
  2 rime drakes (shapeshifter)
  A yaktaur skeleton (Vaults:2)
  A tengu conjurer (D:14)
  21 merfolk
  4 trolls
  A polar bear (Lair:5)
  4 tyrant leeches (Lair:6)
  A jumping spider (Vaults:1)
  A queen bee (Lair:1)
  2 human skeletons
  27 blink frogs
  3 wind drakes (Shoals:4)
  Prince Ribbit (Lair:3)
  5 dream sheep
  A sphinx simulacrum (Vaults:2)
  12 snapping turtles
  Grinder (D:4)
  3 hornets
  11 hippogriffs
  14 slime creatures
  A flying skull (Vaults:2)
  8 water elementals
  21 yaks
  A wyvern (Lair:6)
  6 redbacks (Vaults:1)
  2 hogs (shapeshifter)
  4 shadows (D:15)
  8 humans (D:13)
  A basilisk (shapeshifter) (Elf:1)
  4 hungry ghosts
  8 wraiths
  2 elf skeletons (Vaults:1)
  2 fire elementals
  76 nagas
  6 vampire mosquitoes (Lair:6)
  2 wargs
  4 acid dragons
  A swamp worm (shapeshifter) (D:15)
  13 water moccasins
  10 porcupines
  A necrophage (D:10)
  5 ice beasts
  An eye of draining (shapeshifter) (Vaults:1)
  36 orc warriors
  2 phantoms
  3 sky beasts
  2 eyes of draining
  A black bear (D:11)
  29 ogres
  10 boggarts
  15 centaurs
  19 crocodiles
  An orc skeleton (Vaults:1)
  A human zombie (Vaults:2)
  2 big kobolds
  Blork the orc (Orc:2)
  A bullfrog (shapeshifter) (Vaults:2)
  2 earth elementals
  2 gnoll sergeants
  25 bullfrogs
  7 scorpions
  A human simulacrum (Vaults:2)
  35 killer bees
  An orc simulacrum (Vaults:1)
  2 electric eels
  7 wights
  5 howler monkeys
  6 crimson imps
  4 bullfrog zombies
  4 lava snakes (Snake:1)
  4 jellies
  14 orc priests
  A jelly (shapeshifter) (Vaults:3)
  A gnoll shaman (Orc:2)
  Crazy Yiuf (D:7)
  5 hounds
  22 orc wizards
  Terence (D:3)
  8 worker ants
  A worker ant (shapeshifter) (Vaults:1)
  5 iguanas
  A killer bee zombie (D:8)
  Robin (D:3)
  15 adders
  19 gnolls
  3 shadow imps
  5 worms
  A dart slug (D:1)
  6 leopard geckos
  83 orcs
  5 ball pythons
  11 bats
  6 giant cockroaches
  12 goblins
  10 hobgoblins
  9 jackals
  17 kobolds
  9 quokkas
  A frilled lizard (D:2)
  A leopard gecko skeleton (D:5)
  8 rats
  A bush (Shoals:1)
  2 crawling corpses (Elf:3)
  A fungus (Lair:6)
  A plant (D:13)
  10 tentacles
1484 creatures vanquished.

Vanquished Creatures (others)
  A vault guard (D:13)
  10 fungi
  53 plants
  7 tentacles
71 creatures vanquished.

Grand Total: 1555 creatures vanquished

Notes
Turn   | Place    | Note
-------+----------+-------------------------------------------
     0 | D:1      | MisterFreud the Octopode Fighter began the quest for the
                  | Orb.
     0 | D:1      | Reached XP level 1. HP: 16/16 MP: 1/1
    68 | D:1      | Reached XP level 2. HP: 16/21 MP: 2/2
   697 | D:1      | You fall through a shaft!
   707 | D:2      | Reached XP level 3. HP: 24/26 MP: 3/3
  1246 | D:2      | Reached XP level 4. HP: 31/31 MP: 4/4
  2056 | D:3      | Noticed Robin
  2062 | D:3      | Killed Robin
  2168 | D:3      | Reached skill level 5 in Long Blades
  2188 | D:3      | Reached XP level 5. HP: 31/36 MP: 5/5
  2567 | D:3      | Noticed Terence
  2575 | D:3      | Killed Terence
  2783 | D:3      | You fall through a shaft for 2 floors!
  2783 | D:5      | Entered Level 5 of the Dungeon
  3057 | D:4      | Found a staircase to the Ecumenical Temple.
  3059 | D:4      | Noticed Grinder
  3074 | D:4      | Paralysed by Grinder for 3 turns
  3080 | D:4      | Paralysed by Grinder for 6 turns
  3089 | D:4      | Got a steaming dagger
  3096 | D:4      | Killed Grinder
  3096 | D:4      | Reached XP level 6. HP: 40/42 MP: 6/6
  3097 | D:4      | Identified the +3 dagger "Giantbane" {pierce, rF+} (You
                  | found it on level 4 of the Dungeon)
  3100 | Temple   | Entered the Ecumenical Temple
  3198 | Temple   | Became a worshipper of Cheibriados the Contemplative
  3277 | D:4      | You fall through a shaft for 2 floors!
  3623 | D:4      | Reached XP level 7. HP: 46/46 MP: 7/7
  3682 | D:4      | HP: 2/46 [something (4)]
  3685 | D:4      | Found Wutho's Weapon Shop.
  4297 | D:4      | Found a shimmering altar of Xom.
  4310 | D:4      | Reached * piety under Cheibriados
  5024 | D:5      | Reached skill level 5 in Dodging
  5071 | D:5      | Reached XP level 8. HP: 52/52 MP: 8/8
  5628 | D:6      | Found an iron altar of Okawaru.
  5732 | D:6      | Reached skill level 1 in Invocations
  5926 | D:6      | Reached ** piety under Cheibriados
  6789 | D:7      | Reached skill level 4 in Shields
  6900 | D:7      | Reached XP level 9. HP: 33/56 MP: 12/12
  6994 | D:7      | Found a runed translucent door.
  6995 | D:7      | Noticed Crazy Yiuf
  7071 | D:7      | Killed Crazy Yiuf
  7112 | D:7      | Found an iron altar of Okawaru.
  7278 | D:7      | Reached skill level 5 in Shields
  7612 | D:8      | Found a staircase to the Lair.
  7632 | D:8      | Reached *** piety under Cheibriados
  7656 | D:8      | Reached skill level 6 in Shields
  7780 | D:8      | Noticed a hornet
  7792 | D:8      | Killed a hornet
  8020 | D:8      | Noticed a deep elf mage
  8034 | D:8      | Killed a deep elf mage
  8034 | D:8      | Reached skill level 10 in Long Blades
  8326 | D:8      | Reached XP level 10. HP: 15/63 MP: 13/13
  8644 | D:9      | Noticed Joseph
  8652 | D:9      | Killed Joseph
  8652 | D:9      | Reached skill level 5 in Fighting
  8681 | D:9      | Noticed a two-headed ogre
  8719 | Lair:1   | Entered Level 1 of the Lair of Beasts
  9092 | Lair:1   | Noticed a black mamba
  9100 | Lair:1   | Killed a black mamba
  9100 | Lair:1   | Reached skill level 5 in Invocations
  9336 | Lair:1   | Noticed a black mamba
  9343 | Lair:1   | Killed a black mamba
  9615 | Lair:1   | Noticed a spiny frog
  9626 | Lair:1   | Killed a spiny frog
  9894 | Lair:1   | Reached **** piety under Cheibriados
  9915 | Lair:1   | Reached XP level 11. HP: 72/72 MP: 11/15
 11079 | Lair:2   | Reached skill level 7 in Shields
 12205 | Lair:2   | Reached ***** piety under Cheibriados
 12207 | Lair:2   | Reached skill level 8 in Shields
 12643 | Lair:2   | Identified a scroll of acquirement
 12648 | Lair:2   | Got a crude steel ring
 12649 | Lair:2   | Identified the ring of Epluaq {rElec Int+3 Dex+6 Slay+3
                  | Stlth+} (You acquired it on level 2 of the Lair of Beasts)
 12867 | D:9      | Reached XP level 12. HP: 75/79 MP: 16/16
 12960 | D:9      | Noticed a two-headed ogre
 12973 | D:9      | Killed a two-headed ogre
 13054 | D:9      | Got a steaming trident
 13055 | D:9      | Identified the +0 trident of the Establishment {holy,
                  | Dex+5} (You found it on level 9 of the Dungeon)
 13223 | D:9      | Killed a two-headed ogre
 13346 | D:10     | Entered Level 10 of the Dungeon
 13523 | D:10     | Reached skill level 9 in Shields
 14140 | D:11     | Noticed Psyche
 14150 | D:11     | Killed Psyche
 14537 | D:11     | Found a runed translucent gate.
 14537 | D:11     | Found a runed translucent gate.
 14537 | D:11     | Found a runed translucent gate.
 14539 | D:11     | Noticed Sassenached's ghost (novice DsAK)
 14600 | D:11     | Reached ****** piety under Cheibriados
 14884 | D:12     | Found a staircase to the Orcish Mines.
 14885 | D:12     | Noticed a two-headed ogre
 14892 | D:12     | Killed a two-headed ogre
 14978 | D:12     | Noticed a centaur warrior
 14982 | D:12     | Killed a centaur warrior
 14982 | D:12     | Reached skill level 10 in Dodging
 14982 | D:12     | Reached skill level 10 in Shields
 15269 | D:12     | You fall through a shaft for 3 floors!
 15269 | D:15     | Entered Level 15 of the Dungeon
 15269 | D:15     | Found a deep blue altar of Sif Muna.
 15270 | D:15     | Noticed a two-headed ogre
 15270 | D:15     | Upgraded the game from 0.24-a0-272-g1411513 to
                  | 0.24-a0-274-gb3763e6
 15272 | D:15     | Noticed an ogre mage
 15346 | D:15     | Reached XP level 13. HP: 73/84 MP: 17/17
 15724 | D:13     | Learned a level 3 spell: Lesser Beckoning
 15726 | D:13     | Learned a level 1 spell: Apportation
 15797 | D:12     | Reached skill level 1 in Translocations
 15897 | D:12     | Noticed a vault guard
 15904 | D:12     | Killed a vault guard
 15908 | D:12     | Found a portal to a secret trove of treasure.
 16116 | D:13     | Found Dozache's Armour Shop.
 16698 | D:13     | Killed a vault guard
 16791 | D:13     | Reached skill level 11 in Shields
 16864 | D:13     | Noticed a vault guard
 16878 | D:13     | Noticed a vault guard
 16878 | D:13     | Noticed a vault guard
 16885 | D:13     | Killed a vault guard
 16895 | D:13     | Killed a vault guard
 16905 | D:13     | Killed a vault guard
 16935 | D:13     | Found a gate to the Vaults.
 17396 | D:14     | Noticed Agnes
 17406 | D:14     | Killed Agnes
 17406 | D:14     | Reached XP level 14. HP: 56/97 MP: 20/20
 17729 | Orc:1    | Entered Level 1 of the Orcish Mines
 17729 | Orc:1    | Noticed Gastronok
 17740 | Orc:1    | Killed Gastronok
 17740 | Orc:1    | Reached skill level 12 in Shields
 17740 | Orc:1    | Reached skill level 5 in Translocations
 18041 | Orc:1    | Noticed Fannar
 18053 | Orc:1    | Killed Fannar
 18205 | Orc:1    | Found a radiant altar of Vehumet.
 18565 | Orc:2    | Entered Level 2 of the Orcish Mines
 18672 | Orc:2    | Noticed Nergalle
 18673 | Orc:2    | Reached skill level 1 in Evocations
 18678 | Orc:2    | Killed Nergalle
 18681 | Orc:2    | Paralysed by an orc sorcerer for 3 turns
 18682 | Orc:2    | Noticed Blork the orc
 18691 | Orc:2    | Killed Blork the orc
 18750 | Orc:2    | Noticed an orc warlord
 18809 | Orc:2    | Reached skill level 10 in Fighting
 18977 | Orc:2    | Killed an orc warlord
 19014 | Orc:2    | Found a flickering gateway to a bazaar.
 19023 | Bazaar   | Entered a bazaar
 19027 | Bazaar   | Found Acoshatebe's Jewellery Boutique.
 19047 | Bazaar   | Found Wudyngom's General Store.
 19064 | Bazaar   | Found Xero Vuwku's Antique Weapon Boutique.
 19081 | Bazaar   | Found Ygih Qoxt's Antique Armour Shoppe.
 19104 | Bazaar   | Bought a +3 ring of slaying for 495 gold pieces
 19104 | Bazaar   | Bought a +4 ring of protection for 396 gold pieces
 19399 | Orc:2    | Found a roughly hewn altar of Beogh.
 19440 | Orc:2    | Found Biab's Antique Armour Emporium.
 19452 | Orc:2    | Found Awnosiog's General Store.
 19470 | Orc:2    | Bought a scroll of teleportation for 36 gold pieces
 19470 | Orc:2    | Bought a scroll of blinking for 90 gold pieces
 19511 | Orc:2    | Found a staircase to the Elven Halls.
 19639 | Orc:2    | Found Quwaf's Antique Weapon Emporium.
 19654 | Orc:2    | Found Xorasass's Jewellery Emporium.
 20131 | Lair:3   | Noticed Prince Ribbit
 20138 | Lair:3   | Killed Prince Ribbit
 20212 | Lair:3   | Found a staircase to the Shoals.
 20832 | Lair:4   | Found a dark tunnel.
 20857 | Lair:4   | Reached skill level 13 in Shields
 20857 | Lair:4   | Reached skill level 5 in Evocations
 21484 | Lair:4   | Found a staircase to the Snake Pit.
 22277 | Lair:6   | Entered Level 6 of the Lair of Beasts
 22298 | Lair:6   | Reached skill level 14 in Shields
 22298 | Lair:6   | Reached XP level 15. HP: 103/103 MP: 21/21
 22379 | Lair:6   | Reached skill level 15 in Shields
 22423 | Lair:6   | Reached skill level 1 in Spellcasting
 22452 | Lair:6   | Noticed Sonja
 22460 | Lair:6   | Killed Sonja
 22733 | Lair:6   | Found a staircase to the Slime Pits.
 22852 | Lair:6   | Reached skill level 16 in Shields
 22888 | Lair:6   | Noticed Josephine
 22901 | Lair:6   | Killed Josephine
 23049 | Lair:6   | Learned a level 6 spell: Statue Form
 23849 | D:14     | Reached skill level 1 in Transmutations
 23849 | D:14     | Reached skill level 1 in Earth Magic
 24873 | D:15     | Found a staircase to the Depths.
 24899 | D:15     | Reached XP level 16. HP: 72/109 MP: 22/22
 25076 | D:15     | Reached skill level 5 in Earth Magic
 25138 | D:15     | Reached skill level 5 in Transmutations
 25543 | Snake:1  | Entered Level 1 of the Snake Pit
 26929 | Snake:2  | Noticed a nagaraja
 26940 | Snake:2  | Killed a nagaraja
 27390 | Snake:2  | Found Soepafae's Magic Scroll Shoppe.
 27393 | Snake:2  | Bought a scroll of teleportation for 54 gold pieces
 28263 | Snake:3  | Noticed a nagaraja
 28272 | Snake:3  | Killed a nagaraja
 28931 | D:12     | You paid a toll of 4 potions of resistance to enter a
                  | treasure trove
 28932 | Trove    | Entered a treasure trove
 28944 | Trove    | Got a vibrating tin ring
 28945 | Trove    | Identified the ring of Ustaih {Ice Int+3} (You found it in
                  | a treasure trove)
 28949 | Trove    | Got a twitching amber ring
 28950 | Trove    | Identified the ring "Opnoep" {rN+ MR+ Str+4} (You found it
                  | in a treasure trove)
 28977 | Trove    | Got a fine steel ring
 28978 | Trove    | Identified the ring of Saewkihu {Ice *Drain Int+5} (You
                  | found it in a treasure trove)
 28980 | Trove    | Got a dazzling long sword
 28981 | Trove    | Identified the cursed +3 long sword "Jellybane" {slice,
                  | rF++} (You found it in a treasure trove)
 29303 | Snake:4  | Entered Level 4 of the Snake Pit
 29399 | Snake:4  | Noticed a nagaraja
 29413 | Snake:4  | Killed a nagaraja
 29419 | Snake:4  | Reached XP level 17. HP: 115/115 MP: 23/23
 29433 | Snake:4  | Reached skill level 17 in Shields
 29541 | Snake:4  | Reached skill level 10 in Earth Magic
 29542 | Snake:4  | Reached skill level 10 in Transmutations
 29635 | Snake:4  | Reached skill level 18 in Shields
 29810 | Snake:4  | Got a serpentine rune of Zot
 30148 | Snake:4  | Reached skill level 19 in Shields
 30290 | Snake:4  | Reached XP level 18. HP: 120/120 MP: 24/24
 30501 | Snake:4  | Noticed Vashnia
 30535 | Snake:4  | Killed Vashnia
 31130 | Shoals:1 | Entered Level 1 of the Shoals
 31134 | Shoals:1 | Noticed Nikola
 31147 | Shoals:1 | Killed Nikola
 31159 | Shoals:1 | Reached skill level 5 in Spellcasting
 33453 | Shoals:4 | Entered Level 4 of the Shoals
 33485 | Shoals:4 | Noticed Polyphemus
 33502 | Shoals:4 | Killed Polyphemus
 33870 | Shoals:4 | Noticed Ilsuiw
 33881 | Shoals:4 | Killed Ilsuiw
 33905 | Shoals:4 | Reached XP level 19. HP: 126/126 MP: 23/30
 34235 | Shoals:4 | Reached skill level 20 in Shields
 34265 | Shoals:4 | Got a barnacled rune of Zot
 34880 | Vaults:1 | Entered Level 1 of the Vaults
 35334 | Vaults:1 | Found Goginik's Gadget Emporium.
 35337 | Vaults:1 | Reached skill level 10 in Spellcasting
 35684 | Vaults:1 | Reached XP level 20. HP: 132/132 MP: 34/34
 35870 | Vaults:1 | Reached skill level 21 in Shields
 36444 | Vaults:2 | Found a staircase to the Crypt.
 36572 | Vaults:2 | Noticed Bai Suzhen
 36582 | Vaults:2 | Killed Bai Suzhen
 37156 | Vaults:2 | Reached skill level 22 in Shields
 37616 | Vaults:3 | Found Loham's Antique Armour Shoppe.
 38207 | Vaults:3 | Reached XP level 21. HP: 137/137 MP: 35/35
 38670 | Vaults:4 | Noticed Sojobo
 38671 | Vaults:4 | Reached skill level 23 in Shields
 38676 | Vaults:4 | Killed Sojobo
 39756 | Elf:1    | Entered Level 1 of the Elven Halls
 40226 | Elf:2    | Reached skill level 24 in Shields
 40256 | Elf:2    | Found Bapedudo's Weapon Shop.
 40330 | Elf:2    | Found a runed translucent gate.
 40335 | Elf:2    | Found a runed translucent gate.
 40336 | Elf:2    | Found a runed translucent gate.
 41098 | Elf:1    | You fall through a shaft!
 41139 | Elf:1    | Found Gocaz's Distillery.
 41148 | Elf:1    | Bought a potion of heal wounds for 60 gold pieces
 41148 | Elf:1    | Bought a potion of heal wounds for 60 gold pieces
 41148 | Elf:1    | Bought a potion of heal wounds for 60 gold pieces
 41148 | Elf:1    | Bought a potion of magic for 96 gold pieces
 41454 | Elf:3    | Entered Level 3 of the Elven Halls
 41467 | Elf:3    | Found a runed translucent door.
 41467 | Elf:3    | Found a shimmering altar of Xom.
 41467 | Elf:3    | Noticed kal9871's ghost (adept OgBe)
 41467 | Elf:3    | Identified the +1 demon trident of the Twelve Beggars
                  | {chaos, rPois Int+2}
 41468 | Elf:3    | Reached XP level 22. HP: 143/143 MP: 36/36
 41706 | Elf:3    | Reached skill level 25 in Shields
 41735 | Elf:3    | Engulfed by a blizzard demon's freezing vapour

Levels and vault maps discovered:
D:1:      sevenhm_arrival_forest_fort_small_4, layout_basic, minmay_domino_4
D:2:      layout_basic
D:3:      layout_loops_ring, uniq_robin, uniq_terence
D:4:      layout_basic, temple_fountains, serial_shops,
          nicolae_shop_temple_entry_statues_fountains, roderic_roman_lattice,
          tgw_xom, uniq_grinder
D:5:      layout_basic, first_ration
D:6:      layout_gridville, okawaru_gym_becter
D:7:      layout_gridville, basic_altar, grunt_ogre_cave,
          uniq_crazy_yiuf_cottage
D:8:      layout_loops_cross, dpeg_oklobed_lair
D:9:      layout_basic, uniq_joseph
D:10:     layout_cave_pools
D:11:     layout_gridville, gammafunk_ghost_spectres, minmay_misc_feat_tiny,
          uniq_psyche
D:12:     layout_loops_corners, david_orc_2, enter_trove_5
D:13:     layout_rooms, ximxim_vaults_locker_room, serial_shops,
          nicolae_shop_crystal, serial_bayou, serial_bayou_pond_d,
          serial_bayou_crossing, serial_bayou_lagoon_a, serial_bayou_pond_c,
          hangedman_decor_peaks_small
D:14:     layout_layer_cave, chequers_serial_rivers_room_a, uniq_agnes
D:15:     hangedman_depths_entry_try_elsewhere_first, layout_basic,
          fountainhead, basic_altar
Temple:   kilobyte_greek_temple
Lair:1:   layout_roguey [special_room_bee], minmay_stone_trees_small,
          grunt_megastairs_2
Lair:2:   layout_gridlike, serial_bayou_pond_c, grunt_forest_stairs_basic,
          beast_lair_carwin_9
Lair:3:   layout_chaotic_city, minmay_shoals_entry_centaurs, uniq_prince_ribbit2
Lair:4:   layout_concentric_octagons, minmay_snake_entry_guardpost_medium,
          nicolae_volcano_entry_lava_flow, infiniplex_staircase_pool_2,
          lemuel_fruit_fields, serial_bayou_shore_b
Lair:5:   layout_hall_layers
Lair:6:   minmay_lair_end_frog_pond, layout_loops_ring, slime_dummy,
          uniq_josephine, uniq_sonja
Shoals:1: layout_shoals, yaktaur_hedge, uniq_nikola
Shoals:2: layout_shoals
Shoals:3: layout_shoals
Shoals:4: shoals_end_grunt_ice, layout_shoals, shoal_ilsuiw, uniq_polyphemus
Snake:1:  layout_misc_corridors, nicolae_snake_lava_pool
Snake:2:  layout_chambers, serial_shops, nicolae_shop_behind_doors,
          lemuel_fruit_tree
Snake:3:  layout_cave_town, serial_bayou_ford_a, st_stairs_11
Snake:4:  grunt_snake_rune_spirals, layout_concentric_octagons, uniq_vashnia
Orc:1:    layout_diamond_mine, basic_altar, sword_in_stone, uniq_fannar,
          uniq_gastronok
Orc:2:    grunt_orc_cross, layout_diamond_mine, serial_shops, bzr_entry_dummy
Elf:1:    elf_arrival_002, layout_gridlike, serial_shops, shop,
          evilmike_minifort
Elf:2:    layout_onion_city, serial_shops, nicolae_shop_trees,
          due_unseen_surprise
Elf:3:    minmay_elf_hall_circle, layout_geoelf_grid, ebering_ghost_xom,
          hex_medium, minmay_shop_grove
Vaults:1: v_misc_14, vaults_mumra_hex, v_alt_pattern_1,
          ontoclasm_vaults_ligature, nicolae_vaults_quartermaster, v_misc_23,
          nicolae_vaults_specimen_jars, nicolae_vaults_little_squares_5,
          grunt_vaults_twisty, vaults_room_corners, layout_vaults_chaotic_city,
          serial_shops, nicolae_shop_temple_entry_statues_fountains
Vaults:2: hangedman_vaults_maws, ontoclasm_vaults_pinch,
          nicolae_vaults_angled_halls, vaults_room_pool,
          nicolae_vaults_triangles, nicolae_vaults_little_squares_6,
          ontoclasm_vaults_twist, minmay_crypt_entry_simple_corners, v_rooms_1,
          hangedman_vaults_locks, v_misc_3, hangedman_vaults_restitches,
          nicolae_vaults_shelves_hall, grunt_vaults_hallway_short,
          layout_vaults_maze_snakey, uniq_bai_suzhen
Vaults:3: ontoclasm_vaults_ring_small, hangedman_vaults_impose,
          vaults_room_grunt_arrival_checkpoint, nicolae_vaults_hallways_thing,
          v_rooms_6, vaults_dpeg_encased_lava, nicolae_vaults_asterisk,
          ontoclasm_vaults_misaligned, layout_vaults_omnigrid, serial_shops,
          shop
Vaults:4: hangedman_vaults_trim, v_alt_pattern_1, nicolae_vaults_ninety_degrees,
          v_misc_8, vaults_room_large_hall, vaults_room_corners,
          ontoclasm_vaults_ring_large, v_misc_33, vaults_room_ringed_pool,
          grunt_vaults_hallway_short, nicolae_vaults_little_squares_3,
          vaults_room_pools, vaults_mumra_minichess_inversion,
          layout_vaults_omnibox, uniq_sojobo

Skill      XL: |  1  2  3  4  5  6  7  8  9 10 11 12 13 14 15 16 17 18 19 20 21 22 |
---------------+-------------------------------------------------------------------+-----
Long Blades    | 3 4 5 6 7 8 10 12 13 14 | 14.0
Dodging        | 5 6 8 10 | 10.0
Invocations    | 4 6 8 |  8.0
Shields        | 4 6 8 10 11 14 16 19 20 22 24 25 | 25.0
Fighting       | 6 9 10 | 10.9
Translocations | 4 6 |  6.0
Evocations     | 6 |  6.0
Spellcasting   | 4 7 10 | 10.0
Transmutations | 4 9 10 11 12 | 12.0
Earth Magic    | 4 9 10 11 12 | 12.0

Action                   |  1- 3 |  4- 6 |  7- 9 | 10-12 | 13-15 | 16-18 | 19-21 | 22-24 || total
-------------------------+-------+-------+-------+-------+-------+-------+-------+-------++-------
Melee: Long sword        |    54 |   117 |   256 |   502 |   365 |       |       |       ||  1294
       Constrict         |    21 |    28 |    63 |    82 |   179 |    90 |   229 |    27 ||   719
       Tentacles         |    12 |    16 |    78 |   181 |   361 |   356 |   399 |    35 ||  1438
       Scimitar          |       |       |       |       |   346 |   852 |   908 |    73 ||  2179
Throw: Stone             |       |     5 |     3 |    18 |     3 |       |       |       ||    29
       Throwing net      |       |       |     5 |       |       |       |       |       ||     5
       Javelin           |       |       |       |     2 |       |       |       |       ||     2
 Cast: Lesser Beckoning  |       |       |       |       |    48 |   115 |   134 |     7 ||   304
       Statue Form       |       |       |       |       |       |    60 |    86 |     5 ||   151
Invok: Slouch            |       |       |       |     5 |     6 |     4 |     1 |     2 ||    18
Evoke: Wand              |       |       |       |     8 |     8 |       |       |       ||    16
  Use: Scroll            |       |    10 |     8 |    12 |     7 |    14 |     2 |     1 ||    54
       Potion            |       |     2 |     3 |     4 |     4 |     1 |       |       ||    14
 Stab: Sleeping          |     6 |    10 |     6 |     7 |    21 |    20 |    12 |       ||    82
       Held in net/web   |       |       |     2 |       |       |       |       |       ||     2
       Distracted        |       |       |     1 |       |     6 |     1 |     2 |       ||    10
  Eat: Chunk             |     1 |     7 |    11 |    13 |    26 |    24 |    30 |     1 ||   113
       Ration            |       |       |       |       |       |     5 |     1 |       ||     6
Armor: Skin              |     4 |     9 |     6 |   122 |     9 |   166 |   147 |     9 ||   472
Dodge: Dodged            |    22 |    38 |    89 |   179 |   291 |   596 |   401 |    44 ||  1660
Block: Shield            |    40 |    37 |   104 |   324 |   367 |   182 |       |       ||  1054
       Large shield      |       |       |       |       |       |  1232 |  1251 |   118 ||  2601
       Rpst.: Long sword |     9 |    12 |    22 |    51 |    33 |       |       |       ||   127
       Scimitar          |       |       |       |       |    48 |    93 |    71 |     9 ||   221

Table legend:
 A = Non-vault XP
 B = Vault XP
 C = Vault XP percentage of total XP
 D = Non-vault monster count
 E = Vault monster count
 F = Vault count percentage of total count
                 A         B        C        D         E       F
            +---------+---------+-------+---------+---------+-------
      Total |  331376 |  290518 |  46.7 |     971 |     498 |  33.9
            +---------+---------+-------+---------+---------+-------
        D:1 |      35 |       6 |  14.6 |      20 |       2 |   9.1
        D:2 |      85 |       0 |   0.0 |      32 |       0 |   0.0
        D:3 |      26 |      71 |  73.2 |      14 |      12 |  46.2
        D:4 |     403 |     300 |  42.7 |      15 |       4 |  21.1
        D:5 |     279 |       0 |   0.0 |      10 |       0 |   0.0
        D:6 |     604 |       0 |   0.0 |      21 |       0 |   0.0
        D:7 |     832 |     179 |  17.7 |      22 |       3 |  12.0
        D:8 |    1831 |       0 |   0.0 |      21 |       0 |   0.0
        D:9 |    3435 |     419 |  10.9 |      17 |       1 |   5.6
       D:10 |    1616 |       0 |   0.0 |      28 |       0 |   0.0
       D:11 |    4932 |     439 |   8.2 |      42 |       1 |   2.3
       D:12 |    6053 |    1163 |  16.1 |      35 |       6 |  14.6
       D:13 |   10629 |    4532 |  29.9 |      37 |      11 |  22.9
       D:14 |    5542 |    2234 |  28.7 |      18 |       1 |   5.3
       D:15 |   16159 |    1492 |   8.5 |      46 |       4 |   8.0
     Lair:1 |    4069 |    2161 |  34.7 |      17 |      29 |  63.0
     Lair:2 |    5524 |     857 |  13.4 |      26 |       5 |  16.1
     Lair:3 |    1717 |    1445 |  45.7 |       8 |       7 |  46.7
     Lair:4 |    5000 |    1165 |  18.9 |      15 |       7 |  31.8
     Lair:5 |    2785 |       0 |   0.0 |      11 |       0 |   0.0
     Lair:6 |   10123 |   14987 |  59.7 |      24 |      50 |  67.6
   Shoals:1 |    6260 |    4116 |  39.7 |      11 |       2 |  15.4
   Shoals:2 |    7146 |       0 |   0.0 |      15 |       0 |   0.0
   Shoals:3 |   14839 |       0 |   0.0 |      26 |       0 |   0.0
   Shoals:4 |   18964 |   34084 |  64.3 |      40 |      40 |  50.0
    Snake:1 |    8784 |    1859 |  17.5 |      18 |      14 |  43.8
    Snake:2 |   13272 |       0 |   0.0 |      23 |       0 |   0.0
    Snake:3 |   10793 |    4061 |  27.3 |      21 |       4 |  16.0
    Snake:4 |   23605 |   66483 |  73.8 |      48 |      91 |  65.5
      Orc:1 |    1659 |    5376 |  76.4 |      22 |       7 |  24.1
      Orc:2 |    2352 |    8113 |  77.5 |      28 |      37 |  56.9
      Elf:1 |   10912 |   10188 |  48.3 |      17 |      17 |  50.0
      Elf:2 |   16636 |   21835 |  56.8 |      25 |      28 |  52.8
      Elf:3 |   10055 |   18517 |  64.8 |      16 |      12 |  42.9
   Vaults:1 |   46217 |   19410 |  29.6 |      78 |      34 |  30.4
   Vaults:2 |   19940 |   31290 |  61.1 |      36 |      40 |  52.6
   Vaults:3 |   25791 |    5816 |  18.4 |      47 |       6 |  11.3
   Vaults:4 |   12472 |   27920 |  69.1 |      21 |      23 |  52.3
            +---------+---------+-------+---------+---------+-------
